 Dungeon Crawl Stone Soup version 0.31.0-11-ge490571c62 (webtiles) character file.

Game seed: 8349299163259299051

35 qw the Shooter (level 3, -3/18 HPs)
             Began as a Spriggan Hunter on Feb 4, 2024.
             Incinerated by a bombardier beetle (4 damage)
             ... with a burning spray
             ... on level 2 of the Dungeon.
             The game lasted 00:00:04 (1389 turns).

qw the Shooter (Spriggan Hunter)                    Turns: 1389, Time: 00:00:04

Health: -3/18      AC:  2    Str:  7    XL:     3   Next: 17%
Magic:  4/4        EV: 19    Int: 10    God:
Gold:   42         SH:  0    Dex: 20    Spells: 2/2 levels left

rFire   . . .        a - +0 shortbow
rCold   . . .        (shield currently unavailable)
rNeg    . . .        c - +0 robe
rPois   .            (helmet restricted)
rElec   .            (no cloak)
rCorr   .            (gloves unavailable)
SInv    +            (boots unavailable)
Will    .....        (no amulet)
Stlth   +            (no ring)
HPRegen 0.23/turn    (no ring)
MPRegen 0.09/turn

%: no passive effects
@: lethally poisoned (-3 -> -6), on fire, about to teleport, glowing, very quick
A: very small, no large weapons, unfitting armour, see invisible, speed 3
a: no special abilities


You were on level 2 of the Dungeon.
You visited 1 branch of the dungeon, and saw 3 of its levels.

You collected 42 gold pieces.


Innate Abilities, Weirdness & Mutations

You are very small and have problems with some larger weapons.
You are too small for most types of armour.
You have supernaturally acute eyesight. (SInv)
You cover ground extremely quickly. (Speed+++)


   Skills:
 - Level 1.5 Fighting
 + Level 4.5 Ranged Weapons
 - Level 4.0 Dodging
 - Level 1.5 Stealth


You had 2 spell levels left.
You didn't know any spells.
Your spell library was empty.

Inventory:

Hand Weapons
 a - a +0 shortbow (weapon)
Armour
 c - a +0 robe (worn)
Potions
 b - a potion of curing
 e - a potion of brilliance {unknown}
 g - a potion of mutation {unknown}
 h - a potion of berserk rage {unknown}

Dungeon Overview and Level Annotations

Branches:
Dungeon (3/15)

Altars:


Message History

The arrow hits the bombardier beetle.
The bombardier beetle is moderately wounded.
The goblin shouts!
The ball python hisses angrily.
You shoot an arrow.
The arrow barely misses the bombardier beetle.
1383 ||| STAIRDANCE The adder misses you.
The bombardier beetle bites you.
You climb upwards.
There is a stone staircase leading down here.
You shoot an arrow.
The arrow hits the bombardier beetle but does no damage.
The bombardier beetle is moderately wounded.
The adder misses you.
You shoot an arrow.
The arrow hits the bombardier beetle but does no damage.
The bombardier beetle is moderately wounded.
The adder bites you.
You are poisoned.
The adder poisons you!
The bombardier beetle sprays incendiary fluid at you.
The burning spray hits you.
You are covered in liquid fire!
The adder barely misses you.
You shoot an arrow.
The arrow hits the bombardier beetle but does no damage.
The bombardier beetle is moderately wounded.
The liquid fire burns you!
You feel sick. The adder bites you.
The bombardier beetle sprays incendiary fluid at you.
The burning spray misses you.
You shoot an arrow.
The arrow hits the bombardier beetle but does no damage.
The bombardier beetle is moderately wounded.
The liquid fire burns you!
You feel sick. The adder misses you. The adder barely misses you.
1389 ||| READING scroll of teleportation.
As you read the scroll of teleportation, it crumbles to dust.
You feel strangely unstable. The liquid fire burns you!
You die...

...# #..##..........# #.#
#.#####..##..........# #.#
.....................# #.#
.........##..........# #.#
.................###.#####.#
...#.##.#...#..#...........#
.......<###........#.#######
.....##.#####...S....#
##.#.##.........@....##
##.#.##..####.##.B....#
##.#.##..# #.##.....##
##.#.##..####.##...#.#
..............##...#.############
.................................
##.####..##......................
......#..##.#.##..%#.###.###.###.
##.####..##.#.##...#.# #.# #.# #.


You could see a bombardier beetle and an adder.

Vanquished Creatures
  An adder (D:2)
  4 ball pythons
  5 bats (D:1)
  2 endoplasms (D:1)
  2 giant cockroaches (D:1)
  A goblin (D:1)
  3 hobgoblins
  3 quokkas
  A frilled lizard (D:2)
  A kobold (D:1)
  2 rats (D:1)
25 creatures vanquished.

Notes
Turn   | Place    | Note
-------+----------+-------------------------------------------
     0 | D:1      | qw the Spriggan Hunter began the quest for the Orb.
     0 | D:1      | Reached XP level 1. HP: 10/10 MP: 2/2
     0 | D:1      | 0 ||| qw: Version: 0.3-a-160-g6735b56
     0 | D:1      | 0 ||| qw: Game counter: 5016
     0 | D:1      | 0 ||| qw: Melee chars always use a shield: true
     0 | D:1      | 0 ||| qw: God list: Okawaru
     0 | D:1      | 0 ||| qw: Allow faded altars: false
     0 | D:1      | 0 ||| qw: Do Orc after clearing Dungeon:15 true
     0 | D:1      | 0 ||| qw: Do second Lair branch before Depths: true
     0 | D:1      | 0 ||| qw: Lair rune preference: random
     0 | D:1      | 0 ||| qw: Goals: Normal
     0 | D:1      | 0 ||| PLANNING D:1-11
    25 | D:1      | Reached skill level 3 in Dodging
   108 | D:1      | HP: 2/10 [ball python (1)]
   170 | D:1      | Reached XP level 2. HP: 14/14 MP: 3/3
   472 | D:1      | 472 ||| READING scroll labelled FIOBAL REZOOGH.
   472 | D:1      | 472 ||| IDENTIFYING yellow potion
   473 | D:1      | 473 ||| READING scroll labelled ESUOPPO DAKA.
   574 | D:1      | 574 ||| DROPPING scroll of butterflies.
   575 | D:1      | 575 ||| DROPPING potion of magic.
  1032 | D:2      | Reached XP level 3. HP: 18/18 MP: 4/4
  1345 | D:2      | 1345 ||| READING scroll of identify.
  1345 | D:2      | 1345 ||| IDENTIFYING glowing grey potion
  1346 | D:2      | 1346 ||| READING 2 scrolls labelled RUCOBL QUEWE.
  1383 | D:3      | 1383 ||| STAIRDANCE
  1388 | D:2      | HP: 3/18 [burnt (6)]
  1388 | D:2      | HP: 1/18 [poisoned by an adder]
  1389 | D:2      | 1389 ||| READING scroll of teleportation.
  1389 | D:2      | Incinerated by a bombardier beetle

Levels and vault maps discovered:
D:1:      dpeg_arrival_boxes_within_box, layout_rooms, st_stairs_12
D:2:      layout_basic
D:3:      layout_basic, uniq_sigmund

Skill      XL: |  1  2 |
---------------+-------+-----
Dodging        | 3 4 |  4.0
Fighting       | |  1.5
Ranged Weapons | |  4.5
Stealth        | |  1.5

Action                     || total
---------------------------++-------
   Fire: Shortbow          ||    84
    Use: Scroll            ||     5
 Armour: Robe              ||    12
  Dodge: Dodged            ||    47

Table legend:
 A = Non-vault XP
 B = Vault XP
 C = Vault XP percentage of total XP
 D = Non-vault monster count
 E = Vault monster count
 F = Vault count percentage of total count
                 A         B        C        D         E       F
            +---------+---------+-------+---------+---------+-------
      Total |      49 |       2 |   3.9 |      24 |       1 |   4.0
            +---------+---------+-------+---------+---------+-------
        D:1 |      29 |       2 |   6.5 |      18 |       1 |   5.3
        D:2 |      20 |       0 |   0.0 |       6 |       0 |   0.0
            +---------+---------+-------+---------+---------+-------
